 Dungeon Crawl Stone Soup version 0.17-a0-2064-g265a032 (webtiles) character file.

67 graki42 the Insei (level 4, -1/28 HPs)
             Began as an Octopode Transmuter on Oct 12, 2015.
             Slain by a gnoll
             ... wielding a +0 whip
              (10 damage)
             ... on level 2 of the Dungeon.
             The game lasted 00:04:32 (1710 turns).

graki42 the Insei (Octopode Transmuter)             Turns: 1710, Time: 00:04:32

Health: -1/28      AC:  1    Str:  9    XL:     4   Next: 16%
Magic:  4/7        EV: 13    Int: 15    God:
Gold:   61         SH:  0    Dex: 13    Spells: 3 memorised, 1 level left

rFire  . . .     SeeInvis .       - Unarmed
rCold  . . .     Clarity  .     (no shield)
rNeg   . . .     SustAt   .     (helmet restricted)
rPois  .         Gourm    .     (no amulet)
rElec  .         Spirit   .     (no ring)
rCorr  .         Warding  .     (no ring)
rMut   .         Stasis   .     (no ring)
MR     .....                    (no ring)
Stlth  +++.......               (no ring)
                                (no ring)
                                (no ring)
                                (no ring)

@: appendage, not resistant to hostile enchantments, fairly stealthy
A: almost no armour, amphibious, 8 rings, constrict 8, tentacle spike 3,
camouflage 1, gelatinous body 1
a: End Transformation


You were on level 2 of the Dungeon.
You were hungry.
One of your tentacles had a temporary spike.
You visited 1 branch of the dungeon, and saw 2 of its levels.

You collected 61 gold pieces.

Inventory:

Missiles
 a - 11 arrows
Scrolls
 d - 2 scrolls of teleportation {unknown}
 e - 2 scrolls of magic mapping {unknown}
 f - 2 scrolls of identify {unknown}
 j - a scroll of fog {unknown}
 l - a scroll of random uselessness {unknown}
 n - a scroll of enchant weapon {unknown}
Potions
 g - a potion of flight {unknown}
 i - 2 potions of resistance {unknown}
Books
 b - a book of Changes

   Spells                             Type                      Level
   a - Beastly Appendage              Transmutation                1
   b - Sticks to Snakes               Transmutation                2
   c - Spider Form                    Transmutation/Poison         3
   d - Ice Form                       Ice/Transmutation            4
   e - Blade Hands                    Transmutation                5
 o - a book of Spatial Translocations

   Spells                             Type                      Level
   a - Apportation                    Translocation                1
   b - Blink                          Translocation                2
   c - Shroud of Golubria             Charms/Translocation         2
   d - Portal Projectile              Translocation                3
   e - Teleport Other                 Translocation                3
   f - Passage of Golubria            Translocation                4
Comestibles
 c - 2 bread rations
 h - a meat ration
 k - a royal jelly


   Skills:
 + Level 1.3 Fighting
 + Level 2.6 Dodging
 + Level 1.9 Stealth
 + Level 3.5 Unarmed Combat
 + Level 2.3 Spellcasting
 + Level 2.4 Transmutations


You had one spell level left.
You knew the following spells:

 Your Spells              Type           Power        Failure   Level  Hunger
a - Beastly Appendage     Trmt           #.....       10%         1    #......
b - Sticks to Snakes      Trmt           #.........   12%         2    ###....
c - Spider Form           Trmt/Pois      #.........   43%         3    ###....


Dungeon Overview and Level Annotations

Branches:
Dungeon (2/15)

Altars:


Innate Abilities, Weirdness & Mutations

You cannot wear most types of armour.
You are amphibious.
You can wear up to eight rings at the same time.
You can use your tentacles to constrict eight enemies at once.
Your skin changes colour to match your surroundings (Stealth).
Your rubbery body absorbs attacks (AC +1).
One of your tentacles bears a large vicious spike.


Message History

Confirm with . or Enter, or press ? or * to list all spells.
You create a snake!
You swap places.
Your ball python bites the gnoll.
Your ball python grabs the gnoll.
Your ball python constricts the gnoll.
The gnoll barely misses your ball python.
Casting: Sticks to Snakes
Confirm with . or Enter, or press ? or * to list all spells.
One of your tentacles grows a vicious spike.
Your ball python bites the gnoll but does no damage.
Your ball python constricts the gnoll.
The gnoll barely misses your ball python.
Your ball python bites the gnoll but does no damage.
Your ball python constricts the gnoll.
You swap places.
Your ball python loses its grip on the gnoll.
The gnoll closely misses you.
You closely miss the gnoll. Your grab misses the gnoll.
The gnoll is lightly wounded.
The gnoll hits you with a whip!
You die...

######## .......#
######.#### #####.#
#....)##.#.).#.#
#..##.##.# #g#.#
#..##.##.# #@#.#
#.#..##.##.###S#.#
#.#..#..##.#...#.#
#.#..#.###.#.###.#
###[#......#.#.....#####
....................^.>#
###.#.#.<#.#.#####.###.#
###.#.#..#.#.......#
.........#.######..#


You could see a gnoll and a friendly ball python.

Vanquished Creatures
  3 gnolls (D:2)
  An ooze (D:1)
  A worm (D:2)
  A giant gecko (D:2)
  A bat (D:1)
  A giant cockroach (D:2)
  4 goblins (D:1)
  6 hobgoblins (D:1)
  6 kobolds
  2 giant newts (D:1)
  4 rats (D:1)
30 creatures vanquished.

Notes
Turn   | Place    | Note
--------------------------------------------------------------
     0 | D:1      | graki42 the Octopode Transmuter began the quest for the Orb.
     0 | D:1      | Reached XP level 1. HP: 13/13 MP: 3/3
    65 | D:1      | Reached XP level 2. HP: 9/18 MP: 3/5
   925 | D:1      | Reached XP level 3. HP: 12/23 MP: 4/6
  1479 | D:2      | Reached skill level 1 in Stealth
  1629 | D:2      | Learned a level 2 spell: Sticks to Snakes
  1633 | D:2      | Learned a level 3 spell: Spider Form
  1697 | D:2      | Reached XP level 4. HP: 20/28 MP: 5/7
  1710 | D:2      | Slain by a gnoll

Vault maps used:
D:1:      lemuel_arrival_lava_pool

Action                   |  1- 3 |  4- 6 || total
-------------------------+-------+-------++-------
Melee: Unarmed           |    75 |     5 ||    80
 Cast: Beastly Appendage |    20 |     1 ||    21
       Sticks to Snakes  |       |     1 ||     1
 Stab: Sleeping          |     3 |       ||     3
  Eat: Chunk             |     2 |       ||     2
